 Dungeon Crawl Stone Soup version 0.30-a0-715-gdb4ae3ece1 (webtiles) character file.

Game seed: 5444913997176055559

33157 Orangeyouglad the Fighter (level 14, -14/113 HPs)
             Began as a Human Hunter on Jan 24, 2023.
             Was a Follower of Jiyva.
             Demolished by a death yak (27 damage)
             ... anointed by Ignis
             ... on level 5 of the Lair of Beasts.
             The game lasted 01:09:24 (22327 turns).

Orangeyouglad the Fighter (Human Hunter)           Turns: 22327, Time: 01:09:24

Health: -14/113    AC: 29    Str: 15    XL:     14   Next: 6%
Magic:  14/18      EV: 15    Int:  9    God:    Jiyva [*.....]
Gold:   1815       SH:  6    Dex: 19    Spells: 16/19 levels left

rFire   . . .      SeeInvis .    b - +6 trident (protect)
rCold   + . .      Faith    .    I - +0 buckler
rNeg    . . .      Spirit   .    r - +0 ring mail
rPois   +          Reflect  .    n - +3 helmet of Vehumet's Outrage {Fly rPois rC+}
rElec   .          Harm     .    J - scarf {shadows}
rCorr   +          Rampage  .    u - +2 pair of gloves
Will    ++...                    U - +2 pair of boots of the True Pharaoh {Regen+ rCorr}
Stlth   ++                       (no amulet)
HPRegen 1.98/turn                e - ring of willpower
MPRegen 0.41/turn                q - +4 ring of protection

@: under a protective aura, flying, hasted, fire susceptible, very quick
A: no striking features
a: Renounce Religion


You were on level 5 of the Lair of Beasts.
You worshipped Jiyva.
Jiyva was aware of your devotion.
You visited 3 branches of the dungeon, and saw 17 of its levels.

You collected 1815 gold pieces.

Inventory:

Hand Weapons
 a - a +0 shortbow
 b - a +6 trident of protection (weapon)
 c - a +0 arbalest
Missiles
 v - 12 javelins (quivered)
 E - a curare-tipped dart
 H - 6 boomerangs
Armour
 n - the +3 helmet of Vehumet's Outrage (worn) {Fly rPois rC+}
   (You took it off Robin on level 2 of the Dungeon)

   rC:        It protects you from cold.
   rPois:     It protects you from poison.
   Fly:       It grants you flight.
 r - a +0 ring mail (worn)
 u - a +2 pair of gloves (worn)
 I - a +0 buckler (worn)
 J - a scarf of shadows (worn)
 P - the +1 scale mail of Hide-and-Seek {rN+}
   (You found it on level 3 of the Lair of Beasts)

   rN:        It protects you from negative energy.
 S - a scarf of harm
 U - the +2 pair of boots of the True Pharaoh (worn) {Regen+ rCorr}
   (You found it on level 7 of the Dungeon)

   Regen:     It increases your rate of health regeneration.
   rCorr:     It protects you from acid and corrosion.
Jewellery
 e - a ring of willpower (left hand)
 q - a +4 ring of protection (right hand)
 C - a ring of flight
 F - a +5 ring of evasion
 L - a +4 ring of protection
 Q - a ring of positive energy
 R - a ring of see invisible
Wands
 m - a wand of paralysis (2)
 V - a wand of digging (4)
Scrolls
 d - 3 scrolls of magic mapping
 f - 3 scrolls of vulnerability
 h - 2 scrolls of poison
 i - 2 scrolls of identify
 k - 5 scrolls of teleportation
 o - 2 scrolls of fear
 s - 2 scrolls of amnesia {unknown}
 t - 2 scrolls of enchant weapon
 y - 5 scrolls of immolation
 z - a scroll of brand weapon
 A - 4 scrolls of fog
 G - 2 scrolls of butterflies
 O - 2 scrolls of noise {unknown}
 T - 2 scrolls of enchant armour
Potions
 g - 9 potions of curing
 l - 3 potions of cancellation
 p - 5 potions of brilliance
 w - 3 potions of haste
 x - 3 potions of might
 B - 3 potions of heal wounds
 D - 2 potions of invisibility
 K - 2 potions of lignification
 M - 2 potions of mutation
 N - a potion of magic
 Y - a potion of flight
Miscellaneous
 X - a phantom mirror (inert)


   Skills:
 + Level 11.6 Fighting
 + Level 10.0 Polearms
 - Level 6.7 Ranged Weapons
 + Level 9.5 Armour
 - Level 8.0 Dodging
 - Level 5.0 Stealth
 + Level 5.7 Shields
 - Level 3.0 Spellcasting
 - Level 6.3 Translocations
 - Level 5.0 Evocations


You had 16 spell levels left.
You knew the following spells:

 Your Spells              Type           Power      Damage    Failure   Level
a - Gell's Gravitas       Tloc           12%        N/A       14%         3

Your spell library contained the following spells:

 Spells                   Type           Power      Damage    Failure   Level
 Apportation              Tloc           24%        N/A       4%          1
 Teleport Other           Tloc           12%        N/A       14%         3
 Kiss of Death            Conj/Necr      4%         2d5       54%         1
 Slow                     Hex            4%         N/A       54%         1
 Iskenderun's Mystic Bla  Conj/Tloc      7%         2d4       87%         4
 Confusing Touch          Hex            1%         N/A       89%         3
 Dazzling Flash           Conj/Hex       2%         N/A       89%         3
 Ignite Poison            Fire/Tmut/Pois 1%         N/A       89%         3
 Inner Flame              Hex/Fire       1%         N/A       89%         3
 Vampiric Draining        Necr           1%         2d6       89%         3
 Dispel Undead            Necr           1%         3d6       100%        4
 Flame Wave               Conj/Fire      1%         2d4       100%        4
 Sticky Flame             Conj/Fire      1%         2d3       100%        4
 Alistair's Intoxication  Tmut/Pois      0%         N/A       100%        5
 Dispersal                Tloc           6%         N/A       100%        6
 Starburst                Conj/Fire      0%         6d3       100%        6
 Ignition                 Fire           0%         3d3       100%        8


Dungeon Overview and Level Annotations

Branches:
Dungeon (11/15)            Temple (1/1) D:7            Lair (5/5) D:11
 Spider (0/4) Lair:2        Slime (0/5) Lair:4          Orc (0/2) D:11
  Swamp: Lair:2-3    Shoals: Lair:2-3

Altars:
Ashenzari
Cheibriados
Dithmenos
Elyvilon
Fedhas
Gozag
Hepliaklqana
Kikubaaqudgha
Makhleb
Nemelex Xobeh
Okawaru
Qazlal
Ru
Sif Muna
Trog
Uskayaw
Vehumet
Wu Jian
Xom
Yredelemnul
Zin
The Shining One
Ignis
Jiyva

Shops:
D:10 (

Annotations:
Lair:2 Nergalle


Message History

You barely miss the death yak.
The death yak is lightly wounded.
You block the death yak's attack. x2
You hit the death yak.
The death yak is lightly wounded.
The death yak gores you but does no damage.
You hit the death yak but do no damage.
The death yak is lightly wounded.
The death yak gores you but does no damage.
You puncture the death yak!
The death yak is moderately wounded.
The death yak closely misses you.
The death yak gores you but does no damage.
You puncture the death yak!
The death yak is moderately wounded.
The death yak closely misses you. You block the death yak's attack.
You puncture the death yak!
The death yak is heavily wounded.
The death yak closely misses you. You block the death yak's attack.
You hit the death yak but do no damage.
The death yak is heavily wounded.
The death yak barely misses you. The death yak gores you.
You hit the death yak.
The death yak is heavily wounded.
You hit the death yak but do no damage.
The death yak is heavily wounded.
The death yak gores you!!
You are engulfed in flames!!
The death yak gores you!! The death yak attacks as you move away!
The death yak gores you. The death yak gores you!
You are engulfed in flames!!
* * * LOW HITPOINT WARNING * * *
You feel much better. The death yak gores you. x2
You are engulfed in flames!!
* * * LOW HITPOINT WARNING * * *
You feel yourself speed up. The death yak gores you!
* * * LOW HITPOINT WARNING * * *
The death yak gores you.
* * * LOW HITPOINT WARNING * * *
You are engulfed in flames!!
You die...

..####...###..........#.#.#.P##
...###....##........#######..####
....#.#...P.........# #...##.#
..P.#..............## ##...##.
....#..............# #....#.
....##P...........##########.....
...###............P##...#.#......
...# #P.....##........<..........
..## ####....#.Y@................
#.# #.......Y......##...#..#..
#.# ####.............##.#.#..#...
..###.................##.##.....#
...##................####........
..P.#.......P...P.....###........
...Y##.............PP..##..#.##..
.....##....#.###...###.....####..
......##....## #..###....#..# #..


You could see 2 death yaks.

Vanquished Creatures
  A hydra (Lair:3)
  A catoblepas (Lair:5)
  2 two-headed ogres
  2 death yaks (Lair:5)
  Urug (Lair:4)
  An orc knight (D:7)
  Pikel (D:7)
  A necromancer (Lair:2)
  A manticore (D:11)
  A cyclops (D:7)
  6 elephants
  A merfolk siren (Lair:2)
  3 black mambas
  10 cane toads
  3 torpor snails (Lair:5)
  A kobold demonologist (D:10)
  5 komodo dragons
  2 rime drakes
  5 polar bears
  A hornet (D:8)
  4 trolls
  10 blink frogs
  2 slime creatures (Lair:4)
  A shadow (D:10)
  A wraith (D:11)
  2 humans (D:8)
  40 yaks
  15 fire elementals
  2 steam dragons
  2 basilisks
  2 vampire mosquitoes (D:11)
  11 water moccasins
  2 ice beasts
  4 orc warriors
  2 black bears
  A sky beast (D:7)
  An ogre (D:6)
  2 centaurs
  13 wolves
  3 lemures (D:7)
  2 phantoms
  3 gnoll sergeants
  6 scorpions
  10 bullfrogs
  3 kobold brigands
  A necrophage (D:5)
  4 wights (D:10)
  11 killer bees
  3 howler monkeys (D:8)
  4 electric eels
  3 jellies
  6 orc priests
  3 hounds
  An iguana (D:7)
  7 orc wizards
  A polar bear simulacrum (Lair:2)
  4 yak simulacra (Lair:2)
  3 wolf simulacra (Lair:2)
  Robin (D:2)
  11 gnolls
  12 adders
  2 white imps (D:7)
  4 worms
  2 dart slugs
  28 orcs
  8 ball pythons
  5 bats
  8 endoplasms
  7 giant cockroaches
  14 goblins
  8 hobgoblins
  3 jackals (D:3)
  16 kobolds
  5 quokkas
  A ball python zombie (D:3)
  4 frilled lizards
  2 giant cockroach zombies (D:3)
  3 rats
  3 river rat simulacra (Lair:2)
391 creatures vanquished.

Vanquished Creatures (collateral kills)
  An ogre (D:7)
  2 orc priests (D:7)
  An orc (D:7)
4 creatures vanquished.

Vanquished Creatures (others)
  6 jellies (Lair:5)
  88 foxfires
  30 fungi
  54 plants
178 creatures vanquished.

Grand Total: 573 creatures vanquished

Notes
Turn   | Place    | Note
-------+----------+-------------------------------------------
     0 | D:1      | Orangeyouglad the Human Hunter began the quest for the Orb.
     0 | D:1      | Reached XP level 1. HP: 16/16 MP: 1/1
   128 | D:1      | Reached XP level 2. HP: 22/22 MP: 2/2
   225 | D:1      | Found a faded altar of an unknown god.
   279 | D:1      | Prayed at the altar of an unknown god.
   279 | D:1      | Became a worshipper of Ignis, the Dying Flame
   379 | D:1      | Reached XP level 3. HP: 28/28 MP: 3/3
   641 | D:1      | Found a hide-covered altar of Uskayaw.
   681 | D:2      | Found a white marble altar of Elyvilon.
   896 | D:2      | Identified the +3 helmet of Vehumet's Outrage {Fly rPois
                  | rC+}
   896 | D:2      | Noticed Robin
   980 | D:2      | Reached XP level 4. HP: 34/34 MP: 4/4
  1307 | D:2      | Killed Robin
  1838 | D:3      | Reached XP level 5. HP: 40/40 MP: 5/5
  1850 | D:3      | Reached skill level 3 in Fighting
  2009 | D:3      | Reached XP level 6. HP: 47/47 MP: 6/6
  2019 | D:3      | Found a basalt altar of Yredelemnul.
  2323 | D:3      | Reached skill level 5 in Ranged Weapons
  2601 | D:4      | Reached XP level 7. HP: 53/53 MP: 7/7
  2724 | D:4      | Reached skill level 4 in Fighting
  3298 | D:4      | Found a shimmering blue altar of Sif Muna.
  3415 | D:5      | Entered Level 5 of the Dungeon
  3839 | D:5      | Noticed a two-headed ogre
  3982 | D:6      | Reached XP level 8. HP: 58/61 MP: 8/8
  4127 | D:6      | Reached skill level 5 in Fighting
  4127 | D:6      | Reached skill level 5 in Dodging
  4127 | D:6      | Reached skill level 5 in Stealth
  4441 | D:6      | Found a sacrificial altar of Ru.
  4453 | D:6      | Identified a scroll of acquirement
  4455 | D:6      | Acquired 776 gold pieces
  4501 | D:6      | Reached skill level 1 in Evocations
  4792 | D:6      | Reached XP level 9. HP: 64/68 MP: 9/9
  4800 | D:6      | Learned a level 3 spell: Gell's Gravitas
  5550 | D:6      | Reached skill level 6 in Fighting
  5550 | D:6      | Reached skill level 1 in Polearms
  5550 | D:6      | Reached skill level 1 in Spellcasting
  5876 | D:7      | Reached skill level 1 in Armour
  5982 | D:7      | Found a staircase to the Ecumenical Temple.
  6051 | D:7      | Reached XP level 10. HP: 77/77 MP: 14/14
  6171 | D:7      | Found a transporter.
  6224 | Temple   | Entered the Ecumenical Temple
  6426 | D:7      | Reached skill level 1 in Translocations
  6471 | D:7      | Noticed a cyclops
  6502 | D:7      | Killed a cyclops
  6503 | D:7      | Reached skill level 7 in Fighting
  6777 | D:7      | Found a radiant altar of Vehumet.
  6777 | D:7      | Found an ornate altar of the Wu Jian Council.
  6855 | D:7      | Found a transporter.
  6947 | D:7      | Noticed Pikel
  6959 | D:7      | Killed Pikel
  7021 | D:7      | Noticed an orc knight
  7117 | D:8      | Found an iron altar of Okawaru.
  7299 | D:8      | Reached skill level 5 in Polearms
  7361 | D:8      | Found a bloodstained altar of Trog.
  7367 | D:8      | Found a burning altar of Makhleb.
  7770 | D:8      | Reached skill level 8 in Fighting
  7872 | D:8      | Paralysed by a hornet for 2 turns
  7966 | D:9      | Reached XP level 11. HP: 86/86 MP: 15/15
  8791 | D:9      | Reached skill level 5 in Armour
  8889 | D:10     | Entered Level 10 of the Dungeon
  9313 | D:5      | Killed a two-headed ogre
  9314 | D:5      | Reached skill level 5 in Translocations
  9887 | D:10     | Found an opulent altar of Gozag.
  9887 | D:10     | Found a glowing silver altar of Zin.
 10353 | D:10     | Found Meettaci's Antique Weapon Boutique.
 10598 | D:10     | Found a sparkling altar of Nemelex Xobeh.
 10646 | D:10     | Reached skill level 9 in Fighting
 10874 | D:10     | Found a shadowy altar of Dithmenos.
 11120 | D:11     | Found a staircase to the Lair.
 11491 | D:11     | Noticed a two-headed ogre
 11552 | D:11     | Killed a two-headed ogre
 11767 | D:11     | Found a staircase to the Orcish Mines.
 12089 | D:11     | Noticed a manticore
 12144 | D:11     | Killed a manticore
 12499 | Lair:1   | Entered Level 1 of the Lair of Beasts
 12529 | Lair:1   | Reached XP level 12. HP: 49/96 MP: 16/16
 14104 | Lair:2   | Noticed Nergalle
 14794 | Lair:2   | Reached skill level 10 in Fighting
 15110 | Lair:3   | Reached skill level 1 in Shields
 15499 | Lair:3   | Noticed an eight-headed hydra
 15507 | Lair:3   | Killed an eight-headed hydra
 15966 | Lair:3   | Identified the +1 scale mail of Hide-and-Seek {rN+}
 16374 | Lair:2   | Found a hole to the Spider Nest.
 16733 | Lair:3   | Reached XP level 13. HP: 92/104 MP: 5/17
 17313 | Lair:4   | Found a staircase to the Slime Pits.
 17314 | Lair:4   | Found a viscous altar of Jiyva.
 17898 | Lair:4   | Noticed Urug
 17910 | Lair:4   | Killed Urug
 18523 | Lair:5   | Entered Level 5 of the Lair of Beasts
 18856 | Lair:4   | Reached skill level 11 in Fighting
 19597 | D:7      | HP: 2/106 [spore (10)]
 19861 | D:7      | Identified the +2 pair of boots of the True Pharaoh {Regen+
                  | rCorr}
 20391 | Lair:4   | Fell from the grace of Ignis
 20391 | Lair:4   | Became a worshipper of Jiyva Jafite the Shapeless
 20474 | Lair:5   | Reached skill level 5 in Shields
 20729 | Lair:5   | Reached * piety under Jiyva
 21113 | Lair:5   | Reached skill level 5 in Evocations
 21560 | Lair:5   | Noticed a catoblepas
 21986 | Lair:5   | Reached XP level 14. HP: 112/113 MP: 18/18
 22061 | Lair:5   | Reached skill level 10 in Polearms
 22327 | Lair:5   | Demolished by a death yak

Illustrated notes

Levels and vault maps discovered:
D:1:      dpeg_arrival_lava_altar, layout_basic,
          hellmonk_ecumenical_altar_heavens_door
D:2:      layout_loops_ring, basic_altar, uniq_robin
D:3:      layout_basic, nicolae_yredelemnul_corpse_copse
D:4:      layout_basic, kennysheep_little_box
D:5:      layout_gridville, kennysheep_generic_room_11
D:6:      layout_basic, mainiacjoe_overflow_brackets
D:7:      gammafunk_beogh_shrine, layout_rooms,
          gammafunk_temple_overflow_statue, minmay_temple_entry_tees,
          amcnicky_mini_rare_corridor_liquid, kennysheep_potato, uniq_pikel
D:8:      layout_gridville, okawaru_humans, grunt_temple_overflow_open
D:9:      layout_loops_cross, serial_bayou_pond_a, serial_park_tiny_2
D:10:     layout_basic, grunt_temple_overflow_gold_and_silver,
          nemelex_spade_bored_becter, grunt_dithmenos_shadows, serial_shops,
          nicolae_shop_window_shopping
D:11:     layout_basic, grunt_lair_entry_orc_guard_hut, orc_0_dummy,
          kennysheep_generic_room_4
Temple:   hellmonk_temple_beads
Lair:1:   layout_loops_ring
Lair:2:   layout_roguey, elwin_shoals_entry_rooms, spider_nest_entry_web_field,
          chequers_serial_rivers_micro_d, eino_house_with_fridge,
          grunt_megastairs_4, lemuel_fruit_tree, uniq_nergalle
Lair:3:   layout_gridlike, grunt_megastairs_5, infiniplex_staircase_pool_2
Lair:4:   layout_cave_pods, minmay_slime_entry_pillars, serial_bayou_shore_a,
          uniq_urug
Lair:5:   grunt_lair_end_beastmaster, layout_layer_cave, pond

Skill      XL: |  1  2  3  4  5  6  7  8  9 10 11 12 13 14 |
---------------+-------------------------------------------+-----
Stealth        | 2 3 4 5 |  5.0
Dodging        | 3 4 5 6 7 8 |  8.0
Fighting       | 3 4 5 6 8 9 10 11 | 11.6
Ranged Weapons | 5 6 |  6.7
Evocations     | 2 4 5 |  5.0
Polearms       | 3 5 7 8 9 10 | 10.0
Spellcasting   | 3 |  3.0
Armour         | 1 4 6 8 9 |  9.5
Translocations | 4 6 |  6.3
Shields        | 2 5 |  5.7

Action                     |  1- 3 |  4- 6 |  7- 9 | 10-12 | 13-15 || total
---------------------------+-------+-------+-------+-------+-------++-------
  Melee: Trident           |       |       |    63 |   770 |   707 ||  1540
         Punch             |       |       |     2 |    14 |       ||    16
   Fire: Shortbow          |    69 |   193 |   275 |   172 |       ||   709
         Arbalest          |       |       |       |     3 |       ||     3
  Throw: Throwing net      |       |     1 |       |       |       ||     1
         Javelin           |       |       |     2 |    12 |     2 ||    16
   Cast: Gell's Gravitas   |       |       |       |     5 |     8 ||    13
 Invoke: Fiery Armour      |       |       |     1 |     1 |     2 ||     4
         Foxfire Swarm     |       |       |       |       |     6 ||     6
  Evoke: Wand              |       |     4 |    32 |    24 |     9 ||    69
         Phantom mirror    |       |       |       |       |     1 ||     1
    Use: Scroll            |       |     1 |    11 |    10 |    10 ||    32
         Potion            |       |       |     1 |     3 |     6 ||    10
   Stab: Paralysed         |       |       |       |     9 |     1 ||    10
         Sleeping          |       |       |       |     6 |     3 ||     9
         Distracted        |       |       |       |     1 |       ||     1
 Armour: Leather armour    |     4 |     5 |       |       |       ||     9
         Ring mail         |       |    56 |   118 |   446 |   358 ||   978
         Skin              |       |       |       |     1 |       ||     1
         Scale mail        |       |       |       |     2 |       ||     2
  Dodge: Dodged            |    13 |    75 |   179 |   651 |   479 ||  1397
  Block: Buckler           |       |       |       |       |   220 ||   220

Table legend: (Time is in decaauts)
 A = Elapsed time spent in this place.
 B = Non-inter-level travel time spent in this place.
 C = Inter-level travel time spent in this place.
 D = Time resting spent in this place.
 E = Time spent auto-exploring this place.
 F = Levels seen in this place.
 G = Mean time per level.
                   A        B        C        D        E       F      G
               +--------+--------+--------+--------+--------+-----+--------+
         Total |  22475 |  20760 |   1715 |   4165 |  10333 |  17 | 1322.1 |
       Dungeon |  13238 |  12235 |   1003 |   2156 |   6706 |  11 | 1203.5 |
        Temple |    163 |     92 |     71 |      0 |     81 |   1 |  163.0 |
          Lair |   9073 |   8432 |    641 |   2009 |   3546 |   5 | 1814.6 |
               +--------+--------+--------+--------+--------+-----+--------+

Top non-repeatable levels by time:
  Lair:5: 2360 daAuts
  Lair:4: 1736 daAuts
  Lair:2: 1735 daAuts
  Lair:1: 1679 daAuts
  Lair:3: 1561 daAuts
    D:10: 1523 daAuts
    D:11: 1485 daAuts
     D:7: 1473 daAuts
     D:6: 1452 daAuts
     D:5: 1367 daAuts
     D:9: 1173 daAuts
     D:8: 1129 daAuts
     D:4: 968 daAuts
     D:2: 931 daAuts
     D:1: 872 daAuts
